 Dungeon Crawl Stone Soup version 0.31.0-11-ge490571c62 (webtiles) character file.

Game seed: 16000487340769189987

106 Esekla the Ducker (level 4, 0/21 HPs)
             Began as a Spriggan Necromancer on Jan 28, 2024.
             Was a Believer of the Shining One.
             Slain by a bullfrog (6 damage)
             ... on level 6 of the Dungeon.
             The game lasted 00:17:14 (3774 turns).

Esekla the Ducker (Spriggan Necromancer)            Turns: 3774, Time: 00:17:15

Health: 0/21       AC:  2    Str:  4    XL:     4   Next: 55%
Magic:  9/9        EV: 18    Int: 18    God:    the Shining One [**....]
Gold:   181        SH:  0    Dex: 15    Spells: 0/9 levels left

rFire   . . .        d - +0 dagger
rCold   . . .        (no shield)
rNeg    + . .        a - +0 robe
rPois   .            (helmet restricted)
rElec   .            (no cloak)
rCorr   .            (gloves unavailable)
SInv    +            (boots unavailable)
Will    .....        (no amulet)
Stlth   +            (no ring)
HPRegen 0.23/turn    (no ring)
MPRegen 0.11/turn

%: no passive effects
@: glowing, very quick
A: very small, no large weapons, unfitting armour, see invisible, speed 3
a: Renounce Religion, Divine Shield


You were on level 6 of the Dungeon.
You worshipped the Shining One.
The Shining One was pleased with you.
You visited 1 branch of the dungeon, and saw 7 of its levels.

You collected 181 gold pieces.

Inventory:

Hand Weapons
 d - a +0 dagger (weapon)
Armour
 a - a +0 robe (worn)
Scrolls
 e - 4 scrolls of identify {unknown}
 f - a scroll of revelation {unknown}
 g - a scroll of immolation {unknown}
 i - a scroll of vulnerability {unknown}
 k - 3 scrolls of enchant weapon {unknown}
 n - a scroll of teleportation {unknown}
Potions
 b - a potion of magic
 c - 4 potions of curing {unknown}
 h - 2 potions of berserk rage {unknown}
 j - a potion of mutation {unknown}
 l - a potion of haste {unknown}
 m - a potion of ambrosia {unknown}
 o - a potion of might {unknown}


   Skills:
 + Level 0.1 Fighting
 + Level 1.0 Short Blades
 * Level 4.3 Dodging
 + Level 3.5 Stealth
 * Level 3.1 Spellcasting
 * Level 0.2 Conjurations
 + Level 4.1 Necromancy
 * Level 1.4 Translocations


You couldn't memorise any spells.
You knew the following spells:

 Your Spells              Type           Power      Damage    Failure   Level
a - Necrotise             Necr           68%        1d7       3%          1
b - Blink                 Tloc           14%        N/A       14%         2
d - Vampiric Draining     Necr           17%        2d7       9%          3
w - Fugue of the Fallen   Necr           17%        N/A       9%          3

Your spell library contained the following spells:

 Spells                   Type           Power      Damage    Failure   Level
 Magic Dart               Conj           12%        1d3       14%         1
 Call Imp                 Summ           4%         N/A       24%         2
 Ensorcelled Hibernation  Hex/Ice        4%         N/A       24%         2
 Animate Dead             Necr           17%        N/A       28%         4
 Inner Flame              Hex/Fire       2%         N/A       43%         3
 Tukima's Dance           Hex            2%         N/A       43%         3
 Anguish                  Hex/Necr       5%         N/A       56%         4
 Curse of Agony           Necr           17%        N/A       63%         5
 Dimensional Bullseye     Hex/Tloc       2%         N/A       75%         4
 Iskenderun's Mystic Bla  Conj/Tloc      5%         2d3       75%         4
 Flame Wave               Conj/Fire      3%         2d5       83%         4
 Animate Armour           Summ/Erth      4%         N/A       85%         4
 Sticky Flame             Fire/Alch      2%         2d4       85%         4
 Summon Lightning Spire   Summ/Air       2%         N/A       85%         4
 Lee's Rapid Deconstruct  Erth           1%         3d4*      99%         5


Dungeon Overview and Level Annotations

Branches:
Dungeon (7/15)             Temple (0/1) D:7

Altars:
The Shining One

Annotations:
D:4 Duvessa, Pargi, Pikel


Innate Abilities, Weirdness & Mutations

You are very small and have problems with some larger weapons.
You are too small for most types of armour.
You have supernaturally acute eyesight. (SInv)
You cover ground extremely quickly. (Speed+++)


Message History

The bullfrog hits you!
You closely miss the bullfrog. The bullfrog closely misses you.
The bullfrog completely misses you.
You hit the bullfrog.
The bullfrog is lightly wounded.
The bullfrog closely misses you.
You hit the bullfrog but do no damage.
The bullfrog is lightly wounded.
The bullfrog misses you. The bullfrog completely misses you.
You hit the bullfrog.
The bullfrog is moderately wounded.
The bullfrog hits you.
You hit the bullfrog.
The bullfrog is moderately wounded.
The bullfrog barely misses you.
You barely miss the bullfrog.
The bullfrog is moderately wounded.
The bullfrog closely misses you. The bullfrog barely misses you.
You hit the bullfrog.
The bullfrog is heavily wounded.
A scorpion comes into view.
The bullfrog barely misses you.
You hit the bullfrog.
The bullfrog is heavily wounded.
The bullfrog hits you.
You barely miss the bullfrog.
The bullfrog is heavily wounded.
The bullfrog hits you.
* * * LOW HITPOINT WARNING * * *
The bullfrog closely misses you.
You hit the bullfrog.
The bullfrog is severely wounded.
The bullfrog completely misses you.
You hit the bullfrog.
The bullfrog is almost dead.
The bullfrog closely misses you. The bullfrog completely misses you.
You closely miss the bullfrog.
The bullfrog is almost dead.
The bullfrog hits you.
You die...

...#.#+####F.
#...........
#..........
#.........
....... ....
#F#######..
#>@........
######.##..


You could see a bullfrog.

Vanquished Creatures
  4 adders
  2 dart slugs
  A ribbon worm (D:2)
  4 orcs
  7 ball pythons
  2 bats
  3 endoplasms
  A goblin (D:3)
  7 hobgoblins
  4 jackals
  A quokka (D:1)
  2 frilled lizards
  10 kobolds
  9 rats
57 creatures vanquished.

Notes
Turn   | Place    | Note
-------+----------+-------------------------------------------
     0 | D:1      | Esekla the Spriggan Necromancer began the quest for the
                  | Orb.
     0 | D:1      | Reached XP level 1. HP: 9/9 MP: 5/5
   554 | D:1      | Reached XP level 2. HP: 13/13 MP: 6/6
  1177 | D:2      | Reached XP level 3. HP: 16/16 MP: 8/8
  1181 | D:2      | Learned a level 3 spell: Vampiric Draining
  1248 | D:2      | Learned a level 3 spell: Fugue of the Fallen
  1491 | D:3      | Found a faded altar of an unknown god.
  1495 | D:3      | Prayed at the altar of an unknown god.
  1495 | D:3      | Became a worshipper of the Shining One
  1495 | D:3      | Reached * piety under the Shining One
  2191 | D:2      | Reached XP level 4. HP: 21/21 MP: 9/9
  2514 | D:4      | Noticed a black bear
  2685 | D:4      | Reached skill level 1 in Short Blades
  2827 | D:3      | Reached skill level 1 in Translocations
  3321 | D:4      | Noticed Duvessa
  3472 | D:4      | Noticed a lemure
  3473 | D:4      | Noticed Pikel
  3493 | D:4      | Noticed Pargi
  3525 | D:4      | Noticed a lemure
  3528 | D:5      | Entered Level 5 of the Dungeon
  3528 | D:5      | Noticed a scorpion
  3535 | D:5      | Noticed a phantom
  3562 | D:5      | Learned a level 2 spell: Blink
  3590 | D:6      | Noticed a sky beast
  3626 | D:6      | Noticed an ogre
  3656 | D:7      | Noticed a black bear
  3659 | D:7      | Found a staircase to the Ecumenical Temple.
  3659 | D:7      | Noticed a bullfrog
  3660 | D:7      | Reached ** piety under the Shining One
  3692 | D:7      | Noticed a scorpion
  3739 | D:6      | Noticed a bullfrog
  3769 | D:6      | Noticed a scorpion
  3774 | D:6      | Slain by a bullfrog

Illustrated notes

Levels and vault maps discovered:
D:1:      nzn_arrival_crosshair, layout_basic
D:2:      layout_rooms, roderic_nine_men_s_morris, kennysheep_small_spiral
D:3:      layout_loops_ring, ebering_ecumenical_altar_webs
D:4:      layout_layer_cave, cheibrodos_gnoll_hut, uniq_pikel, uniq_pargi,
          uniq_duvessa
D:5:      layout_loops_ring
D:6:      layout_basic, serial_bayou_pond_b
D:7:      layout_loops_ring, okawaru_gym_becter, minmay_temple_entry_tees

Skill      XL: |  1  2  3  4 |
---------------+-------------+-----
Dodging        | 3 4 |  4.3
Necromancy     | 4 |  4.1
Spellcasting   | 3 |  3.1
Short Blades   | 1 |  1.0
Translocations | 1 |  1.4
Fighting       | |  0.1
Stealth        | |  3.5
Conjurations   | |  0.2

Action                     |  1- 3 |  4- 6 || total
---------------------------+-------+-------++-------
  Melee: Dagger            |   190 |   143 ||   333
         Whip              |     4 |       ||     4
         Punch             |     1 |     1 ||     2
   Cast: Vampiric Draining |     1 |       ||     1
         Blink             |       |     2 ||     2
   Stab: Sleeping          |     8 |       ||     8
 Armour: Robe              |    52 |    62 ||   114
  Dodge: Dodged            |   159 |   131 ||   290
